 Dungeon Crawl Stone Soup version 0.21-a0-621-gc60411f (webtiles) character file.

85 slep the Slasher (level 4, -3/34 HPs)
             Began as a Demonspawn Gladiator on Dec 24, 2017.
             Slain by a gnoll
             ... wielding a +0 whip
              (5 damage)
             ... on level 2 of the Dungeon.
             The game lasted 00:03:55 (1399 turns).

slep the Slasher (Demonspawn Gladiator)             Turns: 1399, Time: 00:03:56

Health: -3/34      AC:  4    Str: 15    XL:     4   Next: 25%
Magic:  4/4        EV: 13    Int:  9    God:
Gold:   123        SH:  0    Dex: 15    Spells: 3/3 levels left

rFire    . . .     SeeInvis .   a - +0 long sword
rCold    . . .     Gourm    .   (no shield)
rNeg     . . .     Faith    .   b - +0 leather armour
rPois    .         Spirit   .   c - +0 helmet
rElec    .         Reflect  .   (no cloak)
rCorr    .         Harm     .   (no gloves)
MR       .....                  (no boots)
Stlth    +.........             (no amulet)
HPRegen  0.11/turn              (no ring)
MPRegen  0.09/turn              (no ring)

@: no status effects
A: powered by pain 2
a: no special abilities


You were on level 2 of the Dungeon.
You were not hungry.

You visited 1 branch of the dungeon, and saw 3 of its levels.

You collected 123 gold pieces.

Inventory:

Hand Weapons
 a - a +0 long sword (weapon)
Missiles
 d - 2 throwing nets
 q - 5 javelins (quivered)
Armour
 b - a +0 leather armour (worn)
 c - a +0 helmet (worn)
Scrolls
 e - a scroll of random uselessness {unknown}
 h - 3 scrolls of amnesia {unknown}
 i - 5 scrolls of identify {unknown}
 j - 2 scrolls of magic mapping {unknown}
 k - a scroll of immolation {unknown}
 l - a scroll of fear {unknown}
 m - a scroll of blinking {unknown}
 n - 3 scrolls of remove curse {unknown}
 p - a scroll of teleportation {unknown}
Potions
 g - 2 potions of curing {unknown}
 o - a potion of cancellation {unknown}
 s - a potion of invisibility {unknown}
Comestibles
 f - 8 rations
 r - 4 chunks of flesh


   Skills:
 + Level 2.5 Fighting
 + Level 3.5 Long Blades
 + Level 1.9 Throwing
 + Level 1.2 Armour
 + Level 3.2 Dodging
 + Level 0.2 Stealth


You had 3 spell levels left.
You didn't know any spells.

Dungeon Overview and Level Annotations

Branches:
Dungeon (3/15)

Altars:
Kikubaaqudgha


Innate Abilities, Weirdness & Mutations

You sometimes gain power by taking damage.


Message History

You barely miss the gnoll. The rat bites you. The gnoll hits you with a whip.
The rat bites you.
You hit the gnoll.
The gnoll is lightly wounded.
The gnoll hits you with a whip. The rat barely misses you.
You riposte.
You hit the rat but do no damage. You barely miss the gnoll.
The gnoll is lightly wounded.
The gnoll hits you with a whip! The rat closely misses you.
You hit the gnoll.
The gnoll is heavily wounded.
The gnoll hits you with a whip!
* * * LOW HITPOINT WARNING * * *
The rat bites you.
* * * LOW HITPOINT WARNING * * *
The gnoll closely misses you.
Your leather armour prevents you from hitting the gnoll.
The gnoll is heavily wounded.
The rat barely misses you. The gnoll hits you with a whip.
You die...

.................#....++......#..
.............##..##...##......#..
.............##..##...##......#..
......######.##..##...........#..
......# #.##...............#..
......# #.##...).........#.#..
......# ###'##.............#.#<.
......# #..................#.###
......# #......@r..........#....
......# #.....).g..##......####.
####### #..........##......# #.
#.......#####......# #. #.......#
#......#####
#.......#####....)......
#.................######
#.......#######.........
#.......# #(#####.##


You could see a gnoll and a rat.

Vanquished Creatures
  A gnoll (D:2)
  4 adders (D:2)
  An ooze (D:2)
  3 giant cockroaches (D:2)
  5 goblins
  5 hobgoblins
  6 kobolds
  3 bats
  2 frilled lizards
  6 rats
36 creatures vanquished.

Notes
Turn   | Place    | Note
-------+----------+-------------------------------------------
     0 | D:1      | slep the Demonspawn Gladiator began the quest for the Orb.
     0 | D:1      | Reached XP level 1. HP: 16/16 MP: 1/1
   421 | D:1      | Gained mutation: You sometimes gain a little power by taking damage. [demonic ancestry]
   421 | D:1      | Reached XP level 2. HP: 22/22 MP: 2/2
   621 | D:2      | Reached XP level 3. HP: 20/27 MP: 3/3
   891 | D:2      | Reached skill level 1 in Armour
   923 | D:2      | Gained mutation: You sometimes gain power by taking damage. [demonic ancestry]
   923 | D:2      | Reached XP level 4. HP: 16/33 MP: 4/4
  1302 | D:3      | Found an ancient bone altar of Kikubaaqudgha.
  1302 | D:3      | Noticed a gnoll sergeant
  1399 | D:2      | Slain by a gnoll

Vault maps used:
D:1:      minmay_arrival_hallway
D:2:      minmay_tetromino_i4
D:3:      kiku_gazebo_garden_becter, gup_sewer_entry_glass, uniq_ijyb

Skill      XL: |  1  2  3 |
---------------+----------+-----
Long Blades    | 3 |  3.5
Dodging        | 3 |  3.2
Armour         | 1 |  1.2
Fighting       | |  2.5
Throwing       | |  1.9
Stealth        | |  0.2

Action                   |  1- 3 |  4- 6 || total
-------------------------+-------+-------++-------
Melee: Long sword        |    78 |    30 ||   108
Throw: Throwing net      |       |     1 ||     1
 Stab: Sleeping          |     1 |       ||     1
  Eat: Chunk             |       |     2 ||     2
Armor: Leather armour    |    21 |     8 ||    29
Dodge: Dodged            |    53 |    27 ||    80
       Rpst.: Long sword |    17 |     6 ||    23

Table legend:
 A = Spawn XP
 B = Non-spawn XP
 C = Spawn XP percentage of total XP
 D = Spawn monster count
 E = Non-spawn monster count
 F = Spawn count percentage of total count
 G = Total turns spent on level
                    A         B        C        D         E        F      G
               +---------+---------+-------+---------+---------+-------+---------
         Total |       0 |     122 |   0.0 |       0 |      36 |   0.0 |  1399
               +---------+---------+-------+---------+---------+-------+---------
           D:1 |       0 |      13 |   0.0 |       0 |       8 |   0.0 |   569
           D:2 |       0 |     109 |   0.0 |       0 |      28 |   0.0 |   820
               +---------+---------+-------+---------+---------+-------+---------
